 Dungeon Crawl Stone Soup version 0.18.1-8-gdd0e5ea (webtiles) character file.

253 Gagarin the Shield-Bearer (level 5, -8/70 HPs)
             Began as a Minotaur Fighter on May 31, 2016.
             Was a Follower of Qazlal.
             Mangled by Sigmund
             ... wielding a +2 scythe of flaming
              (9 damage)
             ... on level 3 of the Dungeon.
             The game lasted 00:05:25 (1719 turns).

Gagarin the Shield-Bearer (Minotaur Fighter)        Turns: 1719, Time: 00:05:25

Health: -8/70      AC:  7    Str: 25    XL:     5   Next: 90%
Magic:  4/4        EV: 16    Int:  6    God:    Qazlal [*.....]
Gold:   156        SH:  0    Dex: 15    Spells: 0 memorised, 4 levels left

rFire  . . .     SeeInvis .     u - +0 battleaxe
rCold  . . .     Gourm    .     b - +0 scale mail
rNeg   . . .     Faith    .     (shield currently unavailable)
rPois  .         Spirit   .     (helmet restricted)
rElec  .         Dismiss  .     (no cloak)
rCorr  .         Reflect  .     (no gloves)
SustAt .         Harm     .     (no boots)
MR     .....                    (no amulet)
Stlth  ..........               (no ring)
                                (no ring)

@: confused, agile, berserking, very quick, not resistant to hostile
enchantments, extremely unstealthy
A: retaliatory headbutt, horns 2
a: Renounce Religion


You were on level 3 of the Dungeon.
You worshipped Qazlal.
Qazlal was aware of your devotion.
You were not hungry.

You visited 1 branch of the dungeon, and saw 3 of its levels.

You collected 156 gold pieces.

Inventory:

Hand Weapons
 a - a +0 war axe
 u - a +0 battleaxe (weapon)
Armour
 b - a +0 scale mail (worn)
 c - a +0 shield
Jewellery
 r - an uncursed ring of fire
Scrolls
 d - a scroll of identify {unknown}
 j - a scroll of recharging {unknown}
 l - a scroll of amnesia {unknown}
 o - a scroll of fog {unknown}
 p - a scroll of noise
 q - a scroll of remove curse
Potions
 m - a potion of mutation {unknown}
 t - a potion of brilliance {unknown}
 v - a potion of cure mutation {unknown}
Comestibles
 f - 4 bread rations
 g - 6 chunks of flesh
 n - 2 meat rations
 s - a royal jelly


   Skills:
 + Level 4.4 Fighting
 + Level 4.1 Axes
 + Level 4.3 Armour
 + Level 2.9 Dodging
 + Level 5.2 Shields


You had 4 spell levels left.
You didn't know any spells.

Dungeon Overview and Level Annotations

Branches:
Dungeon (3/15)

Altars:
Gozag
Qazlal
Ru

Annotations:
D:3 Sigmund


Innate Abilities, Weirdness & Mutations

You reflexively headbutt those who attack you in melee.
You have a pair of horns on your head.


Message History

You are confused.
You're too confused to move!
Something hits you.
* * * LOW HITPOINT WARNING * * *
Something burns you.
* * * LOW HITPOINT WARNING * * *
Drink which item? (? for menu, Esc to quit)
It was a potion of agility.
You feel agile all of a sudden. Something hits you.
* * * LOW HITPOINT WARNING * * *
Something burns you.
* * * LOW HITPOINT WARNING * * *
Drink which item? (? for menu, Esc to quit)
It was a potion of berserk rage.
A red film seems to cover your vision as you go berserk!
You feel yourself moving faster!
You feel mighty!
You bump into the rock wall.
You feel a strong urge to attack something.
Something hits you!
You die...

#..#.#...## .#
#..#.##.#####.###
#. #. ##........#
#.รท#......#
#.###......
#..#......# #
##..[......
#..#.####.###....
.....%...@.......
##.####...#######
#.{.....#
#.)####.# #..#
#..# ...# .....
##...#


There were no monsters in sight!

Vanquished Creatures
  Grinder (D:3)
  A worm (D:2)
  A giant gecko (D:2)
  5 bats
  4 giant cockroaches (D:2)
  7 goblins
  5 hobgoblins
  7 jackals (D:2)
  8 kobolds
  A ball python (D:1)
  A giant newt (D:1)
  3 rats
44 creatures vanquished.

Notes
Turn   | Place    | Note
--------------------------------------------------------------
     0 | D:1      | Gagarin the Minotaur Fighter began the quest for the Orb.
     0 | D:1      | Reached XP level 1. HP: 19/19 MP: 0/0
   194 | D:1      | Reached XP level 2. HP: 27/27 MP: 1/1
   346 | D:1      | Reached skill level 4 in Shields
  1001 | D:2      | Found an opulent altar of Gozag.
  1014 | D:2      | Found a sacrificial altar of Ru.
  1014 | D:2      | Found a stormy altar of Qazlal.
  1037 | D:2      | Became a worshipper of Qazlal Stormbringer
  1051 | D:2      | Reached XP level 3. HP: 33/33 MP: 2/2
  1451 | D:3      | Noticed Grinder
  1459 | D:3      | Paralysed by Grinder for 7 turns
  1469 | D:3      | Reached skill level 1 in Dodging
  1475 | D:3      | Killed Grinder
  1475 | D:3      | Reached * piety under Qazlal
  1475 | D:3      | Reached skill level 5 in Shields
  1475 | D:3      | Reached XP level 4. HP: 17/41 MP: 3/3
  1475 | D:3      | Reached XP level 5. HP: 20/47 MP: 4/4
  1699 | D:3      | Noticed Sigmund
  1717 | D:3      | HP: 2/47 [something (1)]
  1719 | D:3      | Mangled by Sigmund

Skill      XL: |  1  2  3 |
---------------+----------+-----
Shields        | 4 5 |  5.2
Axes           | 4 |  4.1
Dodging        | 2 |  2.9
Fighting       | 4 |  4.4
Armour         | 4 |  4.3

Action                   |  1- 3 |  4- 6 || total
-------------------------+-------+-------++-------
Melee: War axe           |    71 |       ||    71
       Headbutt          |    17 |       ||    17
       Battleaxe         |     9 |    15 ||    24
  Use: Potion            |     1 |     2 ||     3
       Scroll            |       |     2 ||     2
  Eat: Chunk             |     2 |     1 ||     3
Armor: Scale mail        |    46 |     5 ||    51
Dodge: Dodged            |    32 |     3 ||    35
Block: Shield            |    44 |       ||    44
       Other             |       |     1 ||     1
